 Dungeon Crawl Stone Soup version 0.30-a0-782-ge64f9170bb (webtiles) character file.

Game seed: 14453872315344076659

1208 DavidChitty2 the Grave Robber (level 8, 0/53 (58) HPs)
             Began as a Gnoll Necromancer on Mar 8, 2023.
             Was an Initiate of Gozag.
             Slain by a wight
             ... wielding a +0 falchion
              (12 damage)
             ... on level 6 of the Dungeon.
             The game lasted 00:14:47 (5274 turns).

DavidChitty2 the Grave Robber (Gnoll Necromancer)   Turns: 5274, Time: 00:14:47

HP:   0/53 (58)     AC:  3    Str:  7    XL:     8   Next: 45%
MP:   17/17         EV: 14    Int: 23    God:    Gozag
Gold: 693           SH:  0    Dex: 13    Spells: 15/19 levels left

rFire   . . .      SeeInvis .    a - +2 hand axe (flame)
rCold   . . .      Faith    .    (no shield)
rNeg    . . .      Spirit   .    d - +0 robe
rPois   .          Reflect  .    c - +0 helmet
rElec   .          Harm     .    (no cloak)
rCorr   .          Rampage  .    (no gloves)
Will    .....                    (no boots)
Stlth   +++                      e - amulet of magic regeneration
HPRegen 0.28/turn                o - +6 ring of intelligence
MPRegen 0.55/turn                (no ring)

@: drained
A: fangs 1, strong nose, distributed training
a: Renounce Religion, Potion Petition, Call Merchant, Bribe Branch


You were on level 6 of the Dungeon.
You worshipped Gozag.
Gozag was pleased with you.
You visited 2 branches of the dungeon, and saw 7 of its levels.

You collected 740 gold pieces.
You paid 47 gold pieces to Gozag.

Inventory:

Hand Weapons
 a - a +2 hand axe of flaming (weapon)
   (You found it on level 1 of the Dungeon)
 f - a +3 whip of protection
   (You took it off a kobold on level 1 of the Dungeon)
Missiles
 i - 11 poisoned darts (quivered)
Armour
 c - a +0 helmet (worn)
   (You found it on level 1 of the Dungeon)
 d - a +0 robe (worn)
Magical Staves
 j - a staff of cold
   (You took it off a kobold on level 3 of the Dungeon)
Jewellery
 e - an amulet of magic regeneration (around neck)
   (You took it off a hobgoblin on level 2 of the Dungeon)
 o - a +6 ring of intelligence (left hand)
   (You found it on level 2 of the Dungeon)
Wands
 g - a wand of polymorph (14)
   (You found it on level 5 of the Dungeon)
 t - a wand of flame (13)
   (You found it on level 5 of the Dungeon)
 v - a wand of digging (3)
   (You took it off Dowan on level 5 of the Dungeon)
Scrolls
 k - a scroll of vulnerability {!r}
 q - a scroll of magic mapping
 r - 2 scrolls of silence
Potions
 b - a potion of magic
 m - a potion of haste {@q3}
 n - 2 potions of flight {unknown}
 p - 3 potions of might {unknown}
 s - 2 potions of attraction {!q}
 u - a potion of curing {@q1}
 w - 4 potions of mutation {!q}
 x - a potion of cancellation
 z - a potion of ambrosia
 A - 2 potions of invisibility


   Skills:
 + Level 3.4 Fighting
 + Level 3.4 Short Blades
 + Level 3.4 Long Blades
 + Level 3.4 Axes
 + Level 3.4 Maces & Flails
 + Level 3.4 Polearms
 + Level 3.4 Staves
 + Level 3.4 Ranged Weapons
 + Level 3.4 Throwing
 + Level 3.4 Armour
 + Level 5.8 Dodging
 + Level 5.4 Stealth
 + Level 3.4 Shields
 + Level 3.4 Unarmed Combat
 + Level 6.1 Spellcasting
 + Level 2.8 Conjurations
 + Level 2.8 Hexes
 + Level 2.8 Summonings
 + Level 7.7 Necromancy
 + Level 2.8 Translocations
 + Level 2.8 Transmutations
 + Level 2.8 Fire Magic
 + Level 2.8 Ice Magic
 + Level 2.8 Air Magic
 + Level 2.8 Earth Magic
 + Level 2.8 Poison Magic
 + Level 3.7 Invocations
 + Level 3.4 Evocations


You had 15 spell levels left.
You knew the following spells:

 Your Spells              Type           Power      Damage    Failure   Level
a - Necrotise             Necr           100%       1d9       1%          1
z - Vampiric Draining     Necr           42%        2d9       1%          3

Your spell library contained the following spells:

 Spells                   Type           Power      Damage    Failure   Level
 Ensorcelled Hibernation  Hex/Ice        38%        N/A       4%          2
 Gell's Gravitas          Tloc           19%        N/A       8%          3
 Spider Form              Tmut/Pois      19%        N/A       8%          3
 Teleport Other           Tloc           19%        N/A       8%          3
 Anguish                  Hex/Necr       15%        N/A       10%         4
 Agony                    Necr           42%        N/A       10%         5
 Iskenderun's Battlesphe  Conj           19%        2d7       58%         5
 Dispersal                Tloc           9%         N/A       99%         6
 Iron Shot                Conj/Erth      9%         9d3       99%         6
 Spellforged Servitor     Conj/Summ      9%         N/A       100%        7
 Animate Dead             Necr           Unusable   N/A       N/A         4

Dungeon Overview and Level Annotations

Branches:
Dungeon (6/15)             Temple (1/1) D:5

Altars:
Dithmenos
Fedhas
Gozag
Hepliaklqana
Kikubaaqudgha
Okawaru
Ru
Sif Muna
Yredelemnul
Zin
The Shining One
Lugonu


Innate Abilities, Weirdness & Mutations

You have very sharp teeth.
Your uncanny sense of smell can sniff out nearby items.
Your experience applies equally to all skills.


Message History

Something hits you.
You draw life force from something!
You feel life coursing into your body. Something hits you.
You draw life force from something.
Reactivating autopickup.
You feel a bit more experienced.
You feel life coursing into your body.
You now have 671 gold pieces (gained 7).
Things that are here:
a +0 dagger; a +0 robe You now have 678 gold pieces (gained 7).
Things that are here:
a +0 dagger; a +0 robe
There is a stone staircase leading down, spattered with blood here.
You start resting.
You start resting.
You climb downwards.
There is a stone staircase leading up, spattered with blood here.
You now have 686 gold pieces (gained 8).
Things that are here:
a +0 trident; a +0 robe; a +0 dagger You now have 693 gold pieces (gained 7).
You see here a +0 dagger.
Found a book of Power.
You pick up a book of Power and begin reading...
You add the spells Iskenderun's Battlesphere, Iron Shot and Spellforged Servitor to your library.
A wight comes into view. It is wielding a +0 falchion.
You hit the wight but do no damage. You bite the wight, but do no damage.
The wight barely misses you.
You completely miss the wight. The wight hits you with a +0 falchion.
You feel drained.
You hit the wight but do no damage. The wight hits you with a +0 falchion!
You feel drained.
You hit the wight. You burn the wight. The wight closely misses you.
You closely miss the wight.
The wight hits you with a +0 falchion! x2
* * * LOW HITPOINT WARNING * * *
You feel drained.
* * * LOW HITPOINT WARNING * * *
You hit the wight but do no damage. The wight hits you with a +0 falchion.
* * * LOW HITPOINT WARNING * * *
You closely miss the wight. You punch the wight.
You bite the wight, but do no damage. The wight misses you.
You hit the wight. You burn the wight. Your punch misses the wight.
The wight closely misses you.
You hit the wight. You burn the wight. The wight hits you with a +0 falchion!
* * * LOW HITPOINT WARNING * * *
You feel drained.
* * * LOW HITPOINT WARNING * * *
You barely miss the wight. The wight hits you with a +0 falchion!
You die...
Your body crumbles into a pile of gold.

#.# #.#
#.#.##########
#.# #.#
#...#.........
#.# #.#
#.....#######+
####.#####.#
#.###.##
<..).......#
#.# #..#
...)...#####
#.###.##
##.###.#
#.....# #.#
#.# ###.###
#.# #.# #@#
#.# #.# #z#
#.# #.# #.#
#.# #.# #.# $
#. #.# #.# #.#
#.# ... ∆ ..≈
...


You could see a wight.

Vanquished Creatures
  Menkaure (D:5)
  Duvessa (D:5)
  A sky beast (D:5)
  A black bear (D:5)
  An ogre (D:4)
  2 scorpions
  Dowan (D:5)
  5 orc priests
  3 hounds (D:4)
  Jessica (D:2)
  2 iguanas (D:4)
  4 orc wizards
  3 adders
  3 ufetubi (D:4)
  A worm (D:4)
  A dart slug (D:4)
  17 orcs
  4 endoplasms
  3 giant cockroaches (D:3)
  2 goblins (D:2)
  2 hobgoblins
  9 jackals
  5 kobolds
  2 quokkas
  10 ball pythons
  9 bats
  3 frilled lizards
  3 rats
100 creatures vanquished.

Vanquished Creatures (collateral kills)
  A ball python (D:2)
1 creature vanquished.

Grand Total: 101 creatures vanquished

Notes
Turn   | Place    | Note
-------+----------+-------------------------------------------
     0 | D:1      | DavidChitty2 the Gnoll Necromancer began the quest for the
                  | Orb.
     0 | D:1      | Reached XP level 1. HP: 13/13 MP: 6/6
   514 | D:1      | Reached XP level 2. HP: 19/19 MP: 3/7
   770 | D:2      | Noticed Jessica
   774 | D:2      | Killed Jessica
   775 | D:2      | Reached skill level 5 in Spellcasting
   775 | D:2      | Reached skill level 1 in Invocations
   775 | D:2      | Reached XP level 3. HP: 25/25 MP: 4/9
   905 | D:2      | Reached skill level 1 in Fighting
   905 | D:2      | Reached skill level 1 in Short Blades
   905 | D:2      | Reached skill level 1 in Long Blades
   905 | D:2      | Reached skill level 1 in Axes
   905 | D:2      | Reached skill level 1 in Maces & Flails
   905 | D:2      | Reached skill level 1 in Polearms
   905 | D:2      | Reached skill level 1 in Staves
   905 | D:2      | Reached skill level 1 in Ranged Weapons
   905 | D:2      | Reached skill level 1 in Throwing
   905 | D:2      | Reached skill level 1 in Armour
   905 | D:2      | Reached skill level 1 in Shields
   905 | D:2      | Reached skill level 1 in Unarmed Combat
   905 | D:2      | Reached skill level 1 in Evocations
  1775 | D:2      | Learned a level 3 spell: Vampiric Draining
  1776 | D:3      | Found an opulent altar of Gozag.
  1778 | D:3      | Reached XP level 4. HP: 32/32 MP: 7/11
  1804 | D:3      | Learned a level 4 spell: Animate Dead
  1826 | D:3      | Became a worshipper of Gozag Ym Sagoz the Greedy
  2059 | D:3      | Reached skill level 1 in Conjurations
  2059 | D:3      | Reached skill level 1 in Hexes
  2059 | D:3      | Reached skill level 1 in Summonings
  2059 | D:3      | Reached skill level 1 in Translocations
  2059 | D:3      | Reached skill level 1 in Transmutations
  2059 | D:3      | Reached skill level 1 in Fire Magic
  2059 | D:3      | Reached skill level 1 in Ice Magic
  2059 | D:3      | Reached skill level 1 in Air Magic
  2059 | D:3      | Reached skill level 1 in Earth Magic
  2059 | D:3      | Reached skill level 1 in Poison Magic
  2082 | D:3      | Noticed an angel
  2083 | D:3      | Found a glowing silver altar of Zin.
  2116 | D:3      | Found a blossoming altar of Fedhas.
  2345 | D:4      | Reached XP level 5. HP: 32/37 MP: 9/12
  2551 | D:4      | Reached XP level 6. HP: 33/44 MP: 7/14
  2562 | D:4      | Reached skill level 5 in Dodging
  2853 | D:4      | Found a shimmering blue altar of Sif Muna.
  3474 | D:5      | Entered Level 5 of the Dungeon
  3489 | D:5      | Noticed Menkaure
  3545 | D:5      | Found a staircase to the Ecumenical Temple.
  3572 | D:4      | Reached XP level 7. HP: 32/51 MP: 7/15
  3652 | Temple   | Entered the Ecumenical Temple
  3872 | D:5      | Noticed Duvessa
  3873 | D:5      | Noticed Dowan
  3884 | D:5      | Killed Duvessa
  3885 | D:5      | Reached skill level 5 in Stealth
  3892 | D:5      | Killed Dowan
  4014 | D:5      | Reached XP level 8. HP: 58/58 MP: 5/16
  4200 | D:5      | Killed Menkaure
  5274 | D:6      | Slain by a wight

Illustrated notes

Levels and vault maps discovered:
D:1:      minmay_arrival_diagonal_passages, layout_loops_ring,
          chequers_serial_rivers_micro_d
D:2:      layout_rooms, serial_co_window_serial, co_window_corner_a,
          co_window_paths_a, co_window_paths_b, co_window_corner_a,
          co_window_cross_1, co_window_paths_a, co_window_paths_a,
          co_window_cross_1, co_window_paths_a, co_window_2corner,
          co_window_2corner, co_window_2corner, co_window_paths_e,
          glass_columns_b, glass_columns_a, glass_columns_a, glass_columns_a,
          uniq_jessica
D:3:      layout_rooms, nicolae_gozag_seed_capital,
          mainiacjoe_overflow_surrounded_room, zin_angel
D:4:      layout_basic, led_sif_pool, serial_co_window_serial,
          co_window_of_opportunity_a, co_window_paths_b,
          co_window_of_opportunity_a, co_window_of_opportunity_a,
          co_window_cross_1, co_window_cross_2, co_window_unsneaky_path_d,
          co_window_corner_b, co_window_of_opportunity_b, co_window_2corner,
          co_window_of_opportunity_c, co_window_paths_c, glass_columns_a
D:5:      layout_basic, minmay_temple_entry_proselytizer, uniq_menkaure,
          uniq_duvessa
D:6:      layout_loops_ring, mainiacjoe_overflow_boulevard,
          nicolae_wu_jian_immortal_techniques, amcnicky_altar_gilded
Temple:   corrupted_temple

Skill      XL: |  1  2  3  4  5  6  7  8 |
---------------+-------------------------+-----
Spellcasting   | 5 6 |  6.1
Invocations    | 1 2 3 |  3.7
Fighting       | 1 2 3 |  3.4
Short Blades   | 1 2 3 |  3.4
Long Blades    | 1 2 3 |  3.4
Axes           | 1 2 3 |  3.4
Maces & Flails | 1 2 3 |  3.4
Polearms       | 1 2 3 |  3.4
Staves         | 1 2 3 |  3.4
Ranged Weapons | 1 2 3 |  3.4
Throwing       | 1 2 3 |  3.4
Armour         | 1 2 3 |  3.4
Shields        | 1 2 3 |  3.4
Unarmed Combat | 1 2 3 |  3.4
Evocations     | 1 2 3 |  3.4
Conjurations   | 1 2 |  2.8
Hexes          | 1 2 |  2.8
Summonings     | 1 2 |  2.8
Translocations | 1 2 |  2.8
Transmutations | 1 2 |  2.8
Fire Magic     | 1 2 |  2.8
Ice Magic      | 1 2 |  2.8
Air Magic      | 1 2 |  2.8
Earth Magic    | 1 2 |  2.8
Poison Magic   | 1 2 |  2.8
Dodging        | 5 |  5.8
Stealth        | 5 |  5.4
Necromancy     | |  7.7

Action                     |  1- 3 |  4- 6 |  7- 9 || total
---------------------------+-------+-------+-------++-------
  Melee: Hand axe          |     1 |     8 |    31 ||    40
         Bite              |       |     1 |     3 ||     4
         Punch             |       |       |     1 ||     1
   Cast: Necrotise         |    47 |    94 |    48 ||   189
         Vampiric Draining |     1 |     6 |    16 ||    23
    Use: Scroll            |       |       |    16 ||    16
         Potion            |       |       |     2 ||     2
   Stab: Distracted        |       |       |     1 ||     1
 Armour: Robe              |     2 |     8 |     9 ||    19
  Dodge: Dodged            |     6 |    30 |    33 ||    69

Table legend: (Time is in decaauts)
 A = Elapsed time spent in this place.
 B = Non-inter-level travel time spent in this place.
 C = Inter-level travel time spent in this place.
 D = Time resting spent in this place.
 E = Time spent auto-exploring this place.
 F = Levels seen in this place.
 G = Mean time per level.
                   A        B        C        D        E       F      G
               +--------+--------+--------+--------+--------+-----+--------+
         Total |   5267 |   5098 |    169 |    714 |   3395 |   7 |  752.4 |
       Dungeon |   5228 |   5071 |    157 |    714 |   3373 |   6 |  871.3 |
        Temple |     39 |     27 |     12 |      0 |     22 |   1 |   39.0 |
               +--------+--------+--------+--------+--------+-----+--------+

Top non-repeatable levels by time:
     D:5: 1478 daAuts
     D:4: 1404 daAuts
     D:2: 1038 daAuts
     D:1: 736 daAuts
     D:3: 477 daAuts
     D:6: 93 daAuts
  Temple: 39 daAuts
